 Dungeon Crawl Stone Soup version 0.26.0-3-g156281e41b (webtiles) character file.

Game seed: 16890358157618899953

192 jackrogers the Chopper (level 5, -5/42 HPs)
             Began as a Minotaur Gladiator on Jan 10, 2021.
             Was an Initiate of Gozag.
             Killed by nerve-wracking pain
             ... invoked by an orc priest
              (8 damage)
             ... on level 4 of the Dungeon.
             The game lasted 00:05:48 (2968 turns).

jackrogers the Chopper (Minotaur Gladiator)         Turns: 2968, Time: 00:05:48

Health: -5/42      AC: 11    Str: 17    XL:     5   Next: 42%
Magic:  4/4        EV:  8    Int:  5    God:    Gozag
Gold:   269        SH:  0    Dex: 12    Spells: 4/4 levels left

rFire    . . .     SeeInvis +   a - +0 war axe
rCold    . . .     Faith    .   (no shield)
rNeg     . . .     Spirit   .   g - +0 chain mail
rPois    +         Reflect  .   c - +1 hat
rElec    .         Harm     .   (no cloak)
rCorr    .         Rampage  .   (no gloves)
Will     .....                  (no boots)
Stlth    ..........             (no amulet)
HPRegen  0.14/turn              n - ring of poison resistance {rPois, !d}
MPRegen  0.09/turn              k - ring of see invisible {sInv, !d}

@: no status effects
A: retaliatory headbutt, horns 2, deterioration 1, shaggy fur 1, weak 1
a: Renounce Religion, Potion Petition, Call Merchant, Bribe Branch


You were on level 4 of the Dungeon.
You worshipped Gozag.
Gozag was aware of your devotion.
You visited 1 branch of the dungeon, and saw 4 of its levels.
You also visited: Sewer.

You collected 269 gold pieces.

Inventory:

Hand Weapons
 a - a +0 war axe (weapon)
Missiles
 d - 3 throwing nets {=f, !d}
 r - 4 boomerangs
Armour
 b - a +0 leather armour
 c - a +1 hat (worn)
 g - a +0 chain mail (worn)
   (You found it on level 1 of the Dungeon)
Jewellery
 k - a ring of see invisible (right hand) {sInv, !d}
   (You found it on level 2 of the Dungeon)
 l - an uncursed ring of magical power {MP+9}
   (You found it on level 3 of the Dungeon)
 n - a ring of poison resistance (left hand) {rPois, !d}
   (You found it on level 2 of the Dungeon)
 t - an uncursed ring of ice {rC+, rF-}
   (You found it on level 3 of the Dungeon)
Wands
 w - a wand of polymorph (13)
   (You found it on level 3 of the Dungeon)
 x - a wand of enslavement (7)
   (You found it on level 3 of the Dungeon)
Scrolls
 i - a scroll of fog
 j - a scroll of immolation {!r}
 o - 3 scrolls of teleportation
 p - 2 scrolls of fear
 v - a scroll of remove curse
Potions
 f - 4 potions of flight
 h - 2 potions of degeneration {!q}
 m - a potion of invisibility
 q - 2 potions of attraction {!q}


   Skills:
 - Level 2.4 Fighting
 * Level 6.5 Axes
 - Level 2.0 Throwing
 + Level 3.2 Armour
 - Level 3.2 Dodging


You had 4 spell levels left.
You didn't know any spells.
Your spell library contained the following spells:

 Spells                   Type           Power        Failure   Level
 Animate Skeleton         Necr           0%           100%        1
 Magic Dart               Conj           0%           100%        1
 Pain                     Necr           0%           100%        1
 Blink                    Tloc           N/A          100%        2
 Call Imp                 Summ           0%           100%        2
 Slow                     Hex            0%           100%        2
 Conjure Flame            Conj/Fire      0%           100%        3
 Mephitic Cloud           Conj/Pois/Air  0%           100%        3
 Vampiric Draining        Necr           0%           100%        3
 Animate Dead             Necr           0%           100%        4
 Agony                    Necr           0%           100%        5


Dungeon Overview and Level Annotations

Branches:
Dungeon (4/15)              Sewer (visited)
 Temple: D:4-7

Altars:
Ashenzari
Cheibriados
Fedhas
Gozag

Annotations:
D:3 1 runed translucent door, Crazy Yiuf


Innate Abilities, Weirdness & Mutations

You reflexively headbutt those who attack you in melee.
You have a pair of horns on your head.
Your body sometimes deteriorates upon taking damage.
You are covered in fur. (AC +1)
You are weak. (Str -2)


Message History

You slash the adder!
You kill the adder!
No target in view!
No target in view!
You now have 269 gold pieces (gained 5).
You open the large door.
There is a large open door here.
x - a wand of enslavement (7)
You see here a +0 club.
Crazy Yiuf shouts!
Crazy Yiuf sings, "Trees, trees, trees, circus!"
Spoiler Alert: Crazy Yiuf can hit for high damage in melee!
Could not explore, unopened runed door.
Could not explore, unopened runed door.
Could not explore, unopened runed door.
Okay, then.
As you read the scroll of identify, it crumbles to dust.
q - 2 potions of attraction Spoiler Alert: Crazy Yiuf can hit for high damage in melee!
As you read the scroll of identify, it crumbles to dust.
f - 4 potions of flight
As you read the scroll of identify, it crumbles to dust.
h - 2 potions of degeneration
As you read the scroll of identify, it crumbles to dust.
m - a potion of invisibility Crazy Yiuf says, "Snower ena meccalolo!"
Spoiler Alert: Crazy Yiuf can hit for high damage in melee!
You're wearing all the rings you can.
Remove which one? (? for menu, Esc to cancel) < or
n - a ring of poison resistance {rPois, !d} > or
k - a ring of see invisible {sInv, !d} You remove your ring of see invisible {sInv, !d}.
Crazy Yiuf grits, "Key childish arga!"
You feel more attuned to ice.
t - a ring of ice (right hand) Spoiler Alert: Crazy Yiuf can hit for high damage in melee!
You're wearing all the rings you can.
Remove which one? (? for menu, Esc to cancel) < or
n - a ring of poison resistance {rPois, !d} > or
t - a ring of ice {rC+, rF-} You remove your ring of ice {rC+, rF-}.
k - a ring of see invisible (right hand) {sInv, !d} Spoiler Alert: Crazy Yiuf can hit for high damage in melee!
Could not explore, unopened runed door.
(D) Dungeon
Where to? (Enter - D:3 @ (x,y), ? - help)
There is a stone staircase leading up here.
There is a stone staircase leading down here.
You climb downwards.
There is a stone staircase leading up here.
You climb upwards.
Level annotation: 1 runed translucent door, Crazy Yiuf
There is a stone staircase leading down here.
You see here a spear.
There is a stone staircase leading down here.
You climb downwards.
There is a stone staircase leading up here.
You climb upwards.
Level annotation: 1 runed translucent door, Crazy Yiuf
There is a stone staircase leading down here.
You see here a +0 dagger.
You see here a +0 dagger.
You see here a stone.
There is a stone staircase leading down here.
You climb downwards.
There is a stone staircase leading up here.
There is a stone staircase leading up here.
You open the door.
There is an open door here.
An orc priest and an ogre come into view.
The orc priest shouts!
The ogre shouts!
You hear a shout!
An orc comes into view. It is wielding a +0 mace.
Found a stone staircase leading down.
Warning x2: The ogre can hit for high damage in melee!
The orc priest can smite you!
The orc shouts!
An orc wizard comes into view. It is wielding a +0 dagger.
Warning x2: The orc wizard might cast Slow, Confuse, Throw Flame, or Throw Frost!
The ogre can hit for high damage in melee!
Warning x3: The orc wizard might cast Slow, Confuse, Throw Flame, or Throw Frost!
The ogre can hit for high damage in melee!
The orc priest can smite you!
The ogre hits you with a cursed +0 giant club.
There is an open door here.
You hit the ogre.
The ogre hits you with a cursed +0 giant club!
The orc priest invokes the aid of Beogh against you.
Beogh smites you!
Warning x2: The ogre can hit for high damage in melee!
The orc priest can smite you!
You slash the ogre! You headbutt the ogre.
The ogre hits you with a cursed +0 giant club!
* * * LOW HITPOINT WARNING * * *
Warning x3: The orc wizard might cast Slow, Confuse, Throw Flame, or Throw Frost!
The ogre can hit for high damage in melee!
The orc priest can smite you!
It was a potion of magic.
Magic courses through your body. The ogre barely misses you.
Warning x3: The orc wizard might cast Slow, Confuse, Throw Flame, or Throw Frost!
The orc priest can smite you!
The ogre can hit for high damage in melee!
It was a potion of mutation.
You feel extremely strange.
You feel yourself wasting away.
You feel weaker. Fur sprouts all over your body.
The orc priest calls down the wrath of Beogh upon you.
Pain shoots through your body!
You die...
Your body crumbles into a pile of gold.

#!##### #.#
#. ####.#
## ##....#
#.....#
#....## ##
#....# $
... #.####
.o.. #.# $
....o#@###
.....oOo..#
..........#
##+#......#
#......?.#
##.......#
#.......#
#.......# $
##......#


You could see an ogre, an orc priest and an orc.

Vanquished Creatures
  A howler monkey (D:2)
  4 adders
  An ooze (Sewer)
  4 worms
  A dart slug (D:1)
  6 leopard geckos
  An orc (D:3)
  14 bats
  6 giant cockroaches
  3 goblins
  8 hobgoblins
  15 jackals
  8 kobolds
  4 quokkas
  2 ball pythons
  A ball python zombie (D:1)
  4 frilled lizards
  A quokka zombie (D:1)
  8 rats
92 creatures vanquished.

Notes
Turn   | Place    | Note
-------+----------+-------------------------------------------
     0 | D:1      | jackrogers the Minotaur Gladiator began the quest for the
                  | Orb.
     0 | D:1      | Reached XP level 1. HP: 18/18 MP: 0/0
   209 | D:1      | Found a broken altar of Ashenzari.
   249 | D:1      | Reached skill level 4 in Axes
   364 | D:1      | Reached XP level 2. HP: 25/25 MP: 1/1
   450 | D:1      | Reached skill level 1 in Armour
  1011 | D:2      | Reached XP level 3. HP: 25/30 MP: 2/2
  1155 | D:2      | Reached skill level 5 in Axes
  1374 | D:2      | Reached skill level 2 in Armour
  1410 | D:2      | Reached XP level 4. HP: 37/37 MP: 3/3
  1457 | D:2      | Found a snail-covered altar of Cheibriados.
  1553 | D:2      | Found a blossoming altar of Fedhas.
  1704 | D:3      | Reached skill level 6 in Axes
  1786 | D:3      | Reached XP level 5. HP: 39/42 MP: 4/4
  1788 | D:3      | Found a glowing drain.
  1797 | Sewer    | Entered a sewer
  1801 | Sewer    | Reached skill level 3 in Armour
  2297 | D:3      | Found an opulent altar of Gozag.
  2363 | D:3      | Found a faded altar of an unknown god.
  2368 | D:3      | Became a worshipper of Gozag Ym Sagoz the Greedy
  2683 | D:3      | Found a runed translucent door.
  2684 | D:3      | Noticed Crazy Yiuf
  2961 | D:4      | Noticed an ogre
  2966 | D:4      | HP: 2/42 [ogre/cursed +0 giant club (12)]
  2968 | D:4      | Gained mutation: Your body sometimes deteriorates upon
                  | taking damage. [potion of mutation]
  2968 | D:4      | Gained mutation: You are weak. (Str -2) [potion of
                  | mutation]
  2968 | D:4      | Gained mutation: You are covered in fur. (AC +1) [potion of
                  | mutation]
  2968 | D:4      | Killed from afar by an orc priest

Illustrated notes

Levels and vault maps discovered:
D:1:      saegor_arrival_fortress, layout_basic, serial_park_tiny_2,
          minivault_11, wad_floor_pattern_2, minmay_misc_feat_plants,
          nicolae_ashenzari_panopticon
D:2:      layout_rooms, lemuel_coloured_pillars_altar, general_overflow_altar,
          minmay_misc_feat_iff
D:3:      layout_loops_ring, overflow_temple_1_default,
          chequers_ecumenical_altar_simple_redux, gup_sewer_entry_pipe,
          chequers_serial_rivers_room_a, kennysheep_generic_room_12,
          uniq_crazy_yiuf_cottage
D:4:      layout_basic, nicolae_ru_path_of_blood, serial_shops, shop_statue

Skill      XL: |  1  2  3  4  5 |
---------------+----------------+-----
Axes           | 4 5 6 |  6.5
Armour         | 1 2 3 |  3.2
Fighting       | |  2.4
Throwing       | |  2.0
Dodging        | |  3.2

Action                   |  1- 3 |  4- 6 || total
-------------------------+-------+-------++-------
Melee: War axe           |    79 |   101 ||   180
       Headbutt          |    11 |    13 ||    24
  Use: Scroll            |     7 |     7 ||    14
       Potion            |       |     2 ||     2
Armor: Chain mail        |    84 |    66 ||   150
Dodge: Dodged            |    61 |    50 ||   111

Table legend: (Time is in decaauts)
 A = Elapsed time spent in this place.
 B = Non-inter-level travel time spent in this place.
 C = Inter-level travel time spent in this place.
 D = Time resting spent in this place.
 E = Time spent auto-exploring this place.
 F = Levels seen in this place.
 G = Mean time per level.
                   A        B        C        D        E       F      G
               +--------+--------+--------+--------+--------+-----+--------+
         Total |   3095 |   2900 |    195 |    165 |   2152 |   5 |  619.0 |
       Dungeon |   2687 |   2492 |    195 |    165 |   1867 |   4 |  671.8 |
         Sewer |    408 |    408 |      0 |      0 |    285 |   1 |  408.0 |
               +--------+--------+--------+--------+--------+-----+--------+

Top non-repeatable levels by time:
     D:1: 1147 daAuts
     D:3: 920 daAuts
     D:2: 566 daAuts
   Sewer: 408 daAuts
     D:4: 53 daAuts

Table legend:
 A = Kills in this place as a percentage of kills in entire the game.
 B = Kills by you in this place as a percentage of kills by you in the entire game.
 C = Kills by friends in this place as a percentage of kills by friends in the entire game.
 D = Other kills in this place as a percentage of other kills in the entire game.
 E = Experience gained in this place as a percentage of experience gained in the entire game.
 F = Experience gained in this place divided by the number of levels of this place that you have seen.
                   A       B       C       D       E      F
               +-------+-------+-------+-------+-------+----------------------
         Total | 100.0 | 100.0 |   N/A |   N/A | 100.0 |  55.0
       Dungeon |  82.6 |  82.6 |   N/A |   N/A |  88.0 |  60.5
         Sewer |  17.4 |  17.4 |   N/A |   N/A |  12.0 |  33.0
               +-------+-------+-------+-------+-------+----------------------
